 Dungeon Crawl Stone Soup version 0.28.0-56-g4927b6849a (webtiles) character file.

Game seed: 5696715221957528396

5233 cbfl8 the Cleaver (level 10, -4/88 HPs)
             Began as a Minotaur Berserker on Jan 25, 2023.
             Was an Elder of Trog.
             Slain by a wyvern (12 damage)
             ... on level 9 of the Dungeon.
             The game lasted 00:10:49 (10440 turns).

cbfl8 the Cleaver (Minotaur Berserker)             Turns: 10440, Time: 00:10:50

Health: -4/88      AC: 16    Str: 21    XL:     10   Next: 35%
Magic:  9/9        EV: 10    Int:  4    God:    Trog [****..]
Gold:   923        SH:  5    Dex: 20    Spells: 9/9 levels left

rFire   . . .      SeeInvis +   g - +3 battleaxe (freeze)
rCold   . . .      Faith    .   (shield currently unavailable)
rNeg    . . .      Spirit   .   c - +0 chain mail
rPois   .          Reflect  +   (helmet restricted)
rElec   .          Harm     .   t - +0 cloak
rCorr   .          Rampage  .   a - +0 pair of gloves
Will    +....                   k - +0 pair of boots
Stlth   ..........              e - amulet of Okawaru's Condemnation {Reflect Dex+5 SH+5}
HPRegen 0.24/turn               o - ring of see invisible
MPRegen 0.11/turn               s - ring of willpower

@: lethally poisoned (-4 -> -8), on berserk cooldown, slowed, very slow
A: horns 2, retaliatory headbutt
a: Renounce Religion, Berserk, Trog's Hand, Brothers in Arms


You were on level 9 of the Dungeon.
You worshipped Trog.
Trog was greatly pleased with you.
You visited 1 branch of the dungeon, and saw 9 of its levels.
You also visited: Sewer.

You collected 1588 gold pieces.
You spent 665 gold pieces at shops.

Inventory:

Hand Weapons
 g - a +3 battleaxe of freezing (weapon)
Missiles
 m - 9 throwing nets (quivered)
Armour
 a - a +0 pair of gloves (worn)
 c - a +0 chain mail (worn)
 k - a +0 pair of boots (worn)
 t - a +0 cloak (worn)
Jewellery
 e - the amulet of Okawaru's Condemnation (around neck) {Reflect Dex+5 SH+5}
   (You bought it in a shop on level 1 of the Dungeon)

   [amulet of reflection]

   It reflects blocked missile attacks.
   Dex:       It affects your dexterity (+5).
   SH:        It affects your SH (+5).
 o - a ring of see invisible (left hand)
 s - a ring of willpower (right hand)
Wands
 y - a wand of acid (4)
 A - a wand of flame (27)
 E - a wand of charming (2)
 G - a wand of iceblast (13)
Scrolls
 b - 3 scrolls of teleportation
 f - a scroll of enchant armour
 l - a scroll of immolation
 q - a scroll of noise {unknown}
 r - a scroll of blinking
 v - 2 scrolls of enchant weapon
 x - a scroll of amnesia {unknown}
 z - 2 scrolls of fog
 D - a scroll of holy word {unknown}
 F - a scroll of brand weapon {unknown}
 H - a scroll of magic mapping {unknown}
 I - a scroll of identify
 J - a scroll of silence {unknown}
Potions
 d - 5 potions of curing
 h - a potion of ambrosia
 i - a potion of magic
 j - 2 potions of mutation {unknown}
 n - a potion of cancellation {unknown}
 p - 2 potions of heal wounds {unknown}
 u - 2 potions of haste {unknown}
 w - a potion of lignification {unknown}
 B - a potion of resistance {unknown}
 C - a potion of flight {unknown}


   Skills:
 + Level 8.0 Fighting
 + Level 12.1 Axes
 + Level 10.1 Armour
 + Level 3.4 Dodging
 + Level 1.9 Stealth
 - Level 5.8 Shields
 * Level 1.7 Evocations


You had 9 spell levels left.
You didn't know any spells.
Your spell library was empty.

Dungeon Overview and Level Annotations

Branches:
Dungeon (9/15)             Temple (0/1) D:5            Lair (0/6) D:8
    Orc (0/2) D:9           Sewer (visited)

Altars:
Gozag
Ru
Uskayaw
Wu Jian
Yredelemnul
Zin
Beogh

Shops:
D:1 [:=   D:2 :

Annotations:
D:3 2 runed translucent doors, safid's ghost, amateur GrEE


Innate Abilities, Weirdness & Mutations

You have a pair of horns on your head.
You reflexively headbutt those who attack you in melee.


Message History

* * * LOW HITPOINT WARNING * * *
Your surroundings suddenly seem different.
A water moccasin and a wyvern come into view.
Found a shiny buckler.
Found an escape hatch in the ceiling.
Found a stone staircase leading up.
The wyvern hisses angrily.
The water moccasin bites you.
* * * LOW HITPOINT WARNING * * *
A red film seems to cover your vision as you go berserk!
You feel yourself moving faster!
You feel mighty!
The water moccasin bites you but does no damage.
You miss the water moccasin. The water moccasin bites you.
* * * LOW HITPOINT WARNING * * *
You are poisoned.
The water moccasin poisons you!
You closely miss the water moccasin. You slash the wyvern!
You freeze the wyvern.
You feel very sick. The wyvern barely misses you.
The water moccasin bites you but does no damage.
The wyvern bites you but does no damage.
You slice the water moccasin!! You freeze the water moccasin.
You kill the water moccasin!
Trog accepts your kill.
You slash the wyvern! You freeze the wyvern.
You feel sick.
The wyvern bites you but does no damage.
Your Fighting skill increases to level 8!
A wyvern zombie comes into view.
You feel sick.
You see here a water moccasin corpse.
You feel a strong urge to attack something.
You feel sick. You block the wyvern's attack.
You are no longer berserk.
You are exhausted.
You feel yourself slow down.
You feel sick.
You feel very sick. The wyvern bites you.
* * * LOW HITPOINT WARNING * * *
The wyvern bites you!
You die...

.
#............#
.
#............#
.
#............#
.
#............#
.
#......Z.....#
.
#............#
.
#.........<..#
.
#......†.l@..+
.
#....[.......#
########...###
...### .....
........
.........
.........#
<...#


You could see a wyvern and a wyvern zombie.

Vanquished Creatures
  Harold (D:7)
  A troll (D:8)
  A shadow (D:6)
  Sigmund (D:6)
  A wraith (D:9)
  An acid dragon (D:9)
  5 water moccasins
  A black bear (D:6)
  3 orc warriors
  An ogre (D:7)
  A necrophage (D:5)
  2 phantoms
  2 kobold brigands (Sewer)
  4 bullfrogs
  2 gnoll sergeants (D:9)
  A wyvern zombie (D:6)
  2 scorpions
  A water moccasin zombie (D:5)
  2 water moccasin skeletons
  6 killer bees (D:8)
  7 wights (D:8)
  2 howler monkeys (D:8)
  5 centaur zombies
  A bullfrog zombie (D:6)
  4 jellies
  Crazy Yiuf (D:5)
  2 orc priests
  2 centaur skeletons
  3 hounds
  2 iguanas
  2 orc wizards
  A killer bee zombie (D:6)
  A hound skeleton (D:5)
  20 gnolls
  A howler monkey zombie (D:9)
  14 adders
  A howler monkey skeleton (D:7)
  3 worms
  A dart slug (D:4)
  14 orcs
  7 endoplasms
  2 giant cockroaches
  5 goblins
  13 hobgoblins
  2 jackals (D:2)
  11 kobolds
  4 quokkas
  9 ball pythons
  8 bats
  2 frilled lizards
  6 rats
195 creatures vanquished.

Notes
Turn   | Place    | Note
-------+----------+-------------------------------------------
     0 | D:1      | cbfl8 the Minotaur Berserker began the quest for the Orb.
     0 | D:1      | Reached XP level 1. HP: 19/19 MP: 0/0
   194 | D:1      | Found a faded altar of an unknown god.
   240 | D:1      | Found Xubrugg's Armour Shop.
   298 | D:1      | Found Pairghy's Book Boutique.
   338 | D:1      | Reached XP level 2. HP: 26/27 MP: 1/1
   393 | D:1      | Found Iphaqy's Jewellery Shop.
   398 | D:1      | Reached skill level 4 in Axes
   734 | D:1      | Identified a scroll of acquirement
   734 | D:1      | Acquired 1160 gold pieces
   748 | D:2      | Found Okhuollu's Book Shoppe.
   748 | D:2      | Found a hide-covered altar of Uskayaw.
   921 | D:2      | Reached ** piety under Trog
   922 | D:2      | Reached XP level 3. HP: 21/33 MP: 2/2
  1281 | D:1      | Bought the amulet of Okawaru's Condemnation {Reflect Dex+5
                  | SH+5} for 665 gold pieces
  1642 | D:2      | Reached skill level 5 in Axes
  1642 | D:2      | Reached XP level 4. HP: 6/41 MP: 3/3
  2050 | D:3      | Found a runed translucent door.
  2171 | D:3      | Found an opulent altar of Gozag.
  2250 | D:3      | Reached XP level 5. HP: 46/47 MP: 4/4
  2415 | D:3      | Reached skill level 1 in Shields
  2505 | D:3      | Found a runed translucent door.
  2506 | D:3      | Noticed safid's ghost (amateur GrEE)
  3459 | D:4      | Reached skill level 6 in Axes
  3459 | D:4      | Reached XP level 6. HP: 55/55 MP: 5/5
  3464 | D:4      | Reached skill level 5 in Fighting
  3676 | D:4      | Reached *** piety under Trog
  3967 | D:4      | Reached skill level 5 in Armour
  4396 | D:5      | Entered Level 5 of the Dungeon
  4505 | D:5      | Reached skill level 1 in Stealth
  4505 | D:5      | Reached XP level 7. HP: 60/61 MP: 6/6
  4576 | D:5      | Reached skill level 7 in Axes
  4680 | D:5      | Found a staircase to the Ecumenical Temple.
  4819 | D:5      | Found a runed translucent door.
  4820 | D:5      | Noticed Crazy Yiuf
  4933 | D:5      | Found a glowing drain.
  4942 | Sewer    | Entered a sewer
  5657 | D:5      | Killed Crazy Yiuf
  5853 | D:6      | Reached XP level 8. HP: 70/70 MP: 7/7
  5858 | D:6      | Reached skill level 8 in Axes
  6143 | D:6      | Found a sacrificial altar of Ru.
  6180 | D:6      | Found an ornate altar of the Wu Jian Council.
  6379 | D:6      | Noticed Sigmund
  6392 | D:6      | Killed Sigmund
  6393 | D:6      | Reached skill level 9 in Axes
  6735 | D:6      | Reached **** piety under Trog
  6854 | D:6      | Found a basalt altar of Yredelemnul.
  7207 | D:7      | Reached XP level 9. HP: 75/78 MP: 8/8
  7753 | D:7      | Reached skill level 10 in Axes
  7758 | D:7      | Noticed Harold
  7767 | D:7      | Killed Harold
  8131 | D:7      | Reached skill level 11 in Axes
  8834 | D:8      | Found a staircase to the Lair.
  9050 | D:8      | Reached skill level 5 in Shields
  9089 | D:8      | Noticed a troll
  9098 | D:8      | Reached XP level 10. HP: 67/88 MP: 9/9
 10012 | D:8      | Found a glowing silver altar of Zin.
 10200 | D:9      | Reached skill level 10 in Armour
 10314 | D:9      | Reached skill level 1 in Evocations
 10323 | D:9      | Reached skill level 12 in Axes
 10416 | D:9      | Found a staircase to the Orcish Mines.
 10440 | D:9      | Slain by a wyvern

Illustrated notes

Levels and vault maps discovered:
D:1:      dpeg_arrival_tiny_c, layout_basic, nicolae_ecumenical_lake_church,
          serial_shops, shop, nicolae_shop_behind_doors, shop_fountains
D:2:      layout_rooms, serial_shops, shop, basic_altar, minmay_liquid_box
D:3:      layout_loops_ring, nicolae_gozag_cash_rules_everything_around_me,
          ebering_ghost_sewer_f, grunt_decor_one_mirror, minmay_misc_feat_room,
          grunt_ministairs_5, chequers_serial_rivers_micro_d
D:4:      layout_layer_cave
D:5:      layout_rooms, minmay_temple_entry_waves, serial_rivers,
          chequers_serial_rivers_micro_b, chequers_serial_rivers_micro_c,
          chequers_serial_rivers_micro_e, chequers_serial_rivers_small_3,
          portal_sewer_entry_d, minmay_misc_feat_ornament,
          uniq_crazy_yiuf_cottage
D:6:      layout_cave_pools, nicolae_yredelemnul_corpse_copse,
          mainiacjoe_overflow_catch_the_wave, chequers_serial_rivers_marsh,
          uniq_sigmund
D:7:      layout_basic, uniq_harold
D:8:      layout_rooms, mainiacjoe_overflow_boulevard, lair_entry_dummy
D:9:      layout_roguey, david_orc_5

Skill      XL: |  1  2  3  4  5  6  7  8  9 10 |
---------------+-------------------------------+-----
Axes           | 4 5 6 7 9 11 12 | 12.1
Fighting       | 4 5 6 7 8 |  8.0
Armour         | 3 4 5 6 8 9 10 | 10.1
Shields        | 1 3 5 |  5.8
Stealth        | 1 |  1.9
Dodging        | 3 |  3.4
Evocations     | 1 |  1.7

Action                   |  1- 3 |  4- 6 |  7- 9 | 10-12 || total
-------------------------+-------+-------+-------+-------++-------
Melee: Hand axe          |    92 |   126 |   257 |       ||   475
       Headbutt          |    12 |    20 |    70 |    11 ||   113
       Punch             |       |     3 |     6 |       ||     9
       War axe           |       |       |   112 |    25 ||   137
       Battleaxe         |       |       |       |    32 ||    32
Invok: Berserk           |     1 |     3 |     3 |     3 ||    10
  Use: Potion            |     1 |     1 |       |       ||     2
       Scroll            |     1 |     3 |     5 |     1 ||    10
 Stab: Distracted        |       |       |     1 |       ||     1
Armor: Chain mail        |    78 |    67 |   155 |    29 ||   329
Dodge: Dodged            |    62 |    47 |   115 |    22 ||   246
Block: Other             |    12 |    22 |    70 |    13 ||   117
       Reflection        |       |     1 |       |     1 ||     2
       Tower shield      |       |       |    65 |    34 ||    99
